 Dungeon Crawl Stone Soup version 0.28.0-1-gb440e238dd (webtiles) character file.

Game seed: 7827561909201702096

5933 lawman0 the Slasher (level 10, -3/82 HPs)
             Began as a Deep Dwarf Air Elementalist on Feb 19, 2022.
             Was a Priest of Makhleb.
             Slain by a komodo dragon (7 damage)
             ... on level 9 of the Dungeon.
             The game lasted 00:35:08 (13672 turns).

lawman0 the Slasher (Deep Dwarf Air Elementalist)  Turns: 13672, Time: 00:35:09

Health: -3/82      AC: 10    Str: 18      XL:     10   Next: 54%
Magic:  4/6        EV: 13    Int: 28      God:    Makhleb [***...]
Gold:   1022       SH:  5    Dex: 14 (15) Spells: 7/19 levels left

rFire   + + .      SeeInvis .   a - staff of conjuration
rCold   . . .      Faith    .   m - +0 buckler
rNeg    + . .      Spirit   .   B - +2 robe {rF+}
rPois   .          Reflect  .   (no helmet)
rElec   .          Harm     .   (no cloak)
rCorr   .          Rampage  .   t - +2 pair of gloves
Will    +....                   E - +2 pair of boots
Stlth   ++........              (no amulet)
HPRegen 0.00/turn               h - +6 ring of intelligence
MPRegen 0.10/turn               y - ring of Eprakluq {rN+ Str+6 Int+2 Dex+2}

@: studying Long Blades
A: damage resistance, heal wounds, sense surroundings 2, no regeneration, fire
resistance 1, high MP 1
a: Heal Wounds, Renounce Religion, Minor Destruction, Lesser Servant of Makhleb


You were on level 9 of the Dungeon.
You worshipped Makhleb.
Makhleb was most pleased with you.
You visited 1 branch of the dungeon, and saw 10 of its levels.
You also visited: Ossuary and Bailey.

You collected 1271 gold pieces.
You spent 249 gold pieces at shops.

Inventory:

Hand Weapons
 b - a +0 long sword
 u - the +7 dagger "Leviticus" {venom, rF+++ Will++ Str-3 Dex-2}
   (You found it in a bailey)

   It poisons the flesh of those it strikes.
   Str:       It affects your strength (-3).
   Dex:       It affects your dexterity (-2).
   rF:        It renders you almost immune to fire.
   Will:      It greatly increases your willpower.
Missiles
 k - 18 poisoned darts (quivered)
 q - 6 silver boomerangs
 s - 2 curare-tipped darts
Armour
 m - a +0 buckler (worn)
 t - a +2 pair of gloves (worn)
 B - a +2 robe of fire resistance (worn)
 E - a +2 pair of boots (worn)
Magical Staves
 a - a staff of conjuration (weapon)
Jewellery
 h - a +6 ring of intelligence (left hand)
 o - a ring of see invisible
 y - the ring of Eprakluq (right hand) {rN+ Str+6 Int+2 Dex+2}
   (You found it on level 8 of the Dungeon)

   [ring of strength]

   Str:       It affects your strength (+6).
   Int:       It affects your intelligence (+2).
   Dex:       It affects your dexterity (+2).
   rN:        It protects you from negative energy.
Wands
 l - a wand of polymorph (3)
Scrolls
 c - 6 scrolls of fog
 e - a scroll of brand weapon
 f - a scroll of holy word
 i - 2 scrolls of enchant weapon
 n - 2 scrolls of immolation
 v - a scroll of enchant armour
 C - a scroll of noise
Potions
 g - a potion of resistance {unknown}
 j - a potion of cancellation
 p - 3 potions of heal wounds
 r - 3 potions of curing
 w - a potion of haste
 x - a potion of flight
 z - 2 potions of lignification
 A - 2 potions of invisibility
 D - a potion of mutation
 F - a potion of might
 G - a potion of attraction {unknown}


   Skills:
 + Level 2.9 Fighting
 + Level 7.3 Long Blades
 - Level 1.0 Axes
 + Level 0.4 Staves
 + Level 1.2 Throwing
 + Level 3.8 Armour
 + Level 4.6 Dodging
 + Level 3.7 Stealth
 + Level 4.0 Shields
 + Level 5.2 Spellcasting
 * Level 7.3 Conjurations
 * Level 3.6 Necromancy
 * Level 3.7 Fire Magic
 + Level 4.2 Air Magic
 + Level 1.5 Invocations
 + Level 2.1 Evocations


You had 7 spell levels left.
You knew the following spells:

 Your Spells              Type           Power      Damage    Failure   Level
a - Shock                 Conj/Air       100%       1d9       1%          1
b - Swiftness             Air            31%        N/A       4%          3
c - Sticky Flame          Conj/Fire      55%        2d7       9%          4
d - Animate Skeleton      Necr           54%        N/A       1%          1
e - Vampiric Draining     Necr           27%        2d7       5%          3

Your spell library contained the following spells:

 Spells                   Type           Power      Damage    Failure   Level
 Pain                     Necr           100%       1d9       1%          1
 Static Discharge         Conj/Air       56%        N/A       1%          2
 Sublimation of Blood     Necr           27%        N/A       2%          2
 Freeze                   Ice            28%        1d5       9%          1
 Wereblood                Tmut           7%         N/A       13%         2
 Airstrike                Air            15%        N/A       14%         4
 Dispel Undead            Necr           27%        3d13      19%         4
 Hailstorm                Conj/Ice       41%        3d10      19%         4
 Frozen Ramparts          Ice            14%        1d3       26%         3
 Portal Projectile        Hex/Tloc       14%        N/A       26%         3
 Tukima's Dance           Hex            7%         N/A       26%         3
 Excruciating Wounds      Necr           13%        N/A       45%         5
 Passage of Golubria      Tloc           7%         N/A       63%         4
 Summon Ice Beast         Ice/Summ       7%         N/A       63%         4
 Blade Hands              Tmut           3%         N/A       93%         5
 Summon Mana Viper        Hex/Summ       7%         N/A       93%         5
 Yara's Violent Unravell  Hex/Tmut       3%         3d4       93%         5
 Monstrous Menagerie      Summ           3%         N/A       100%        7
 Summon Hydra             Summ           3%         N/A       100%        7


Dungeon Overview and Level Annotations

Branches:
Dungeon (10/15)            Temple (0/1) D:7         Ossuary (visited)
 Bailey (visited)
   Lair: D:8-11         Orc: D:9-12

Altars:
Cheibriados
Dithmenos
Gozag
Hepliaklqana
Kikubaaqudgha
Makhleb
Okawaru
Qazlal
Ru
Sif Muna
Wu Jian
Xom
Yredelemnul
Zin

Shops:
D:6 *   D:8 (

Annotations:
D:4 2 transporters, browni3141's ghost, amateur MiBe
D:8 exclusion: wight
D:9 3 runed translucent doors, exclusion: acid dragon, mitch45678's ghost, journeyman MiGl
D:10 Snorg


Innate Abilities, Weirdness & Mutations

You are resistant to damage.
You can heal yourself by infusing magical energy.
You passively map the area around you.
You do not regenerate.
Your flesh is heat resistant. (rF+)
You have an increased reservoir of magic. (+10% MP)


Message History

Found 7 stones.
Snorg shouts!
The deep elf pyromancer shouts!
The deep elf pyromancer hits you with a +0 short sword.
You closely miss the deep elf pyromancer.
The deep elf pyromancer hits you but does no damage.
Snorg bites you!
* * * LOW HITPOINT WARNING * * *
Snorg claws you.
* * * LOW HITPOINT WARNING * * *
You block Snorg's attack.
Unknown command.
The deep elf pyromancer gestures at you while chanting.
The bolt of fire misses you.
Snorg goes berserk!
Unknown command.
As you read the scroll of teleportation, it crumbles to dust.
You feel strangely unstable.
The deep elf pyromancer mumbles some strange words.
You block Snorg's attack. Snorg claws you but does no damage. Snorg claws you!!
* * * LOW HITPOINT WARNING * * *
Found 17 gold pieces.
The deep elf pyromancer casts a spell.
The deep elf pyromancer blinks!
Unknown command.
Unknown command.
Snorg bites you but does no damage. You block Snorg's attack.
Snorg claws you but does no damage.
The deep elf pyromancer gestures wildly while chanting.
Unknown command.
Your surroundings suddenly seem different.
A komodo dragon comes into view.
You hear a shout!
You hear a shout!
There is a stone staircase leading up here.
You hear a shout!
You climb upwards.
Level annotation: 3 runed translucent doors, exclusion: acid dragon, mitch45678's ghost, journeyman MiGl
There is a stone staircase leading down here.
Unknown command.
The komodo dragon bites you!
You die...

###.....# #.#...#...#...# #.#
##...##.#####.##.'#...#'.####.###
..............####.....###.##^#..
##...##.######...................
###.###.# #.)....⌠.......#.#.# #
#.....# #.............##.... #
#.##### #####.....########## #
#.# ##..#...#'.## # #.#
#l@.#...#...# # #.# #>.##...##.>#
#.# #####....#### #.#########
###### #.........#### ########
#.######.....# #......#
##.######.....# #.####.#
##.............# #.# #.##
#.....#.##.....# #.# #...


You could see a komodo dragon.

Vanquished Creatures
  A vault guard (Bailey)
  An unseen horror (D:8)
  Prince Ribbit (Bailey)
  2 wraiths
  A hog (Bailey)
  A steam dragon (D:5)
  3 yaks (D:9)
  4 humans (Bailey)
  Menkaure (D:4)
  An orc warrior (D:6)
  An ice beast (D:6)
  2 black bears
  3 necrophages
  A centaur (D:9)
  11 bullfrogs
  A wyvern zombie (D:9)
  4 scorpions
  6 killer bees (D:9)
  4 wights (D:9)
  2 centaur zombies (D:7)
  5 orc priests
  A hound (D:6)
  A jelly (D:6)
  4 bullfrog skeletons
  A bullfrog zombie (D:6)
  3 centaur skeletons
  A gnoll shaman (D:4)
  An iguana (D:6)
  6 orc wizards
  2 killer bee zombies
  A mummy (Ossuary)
  A hound zombie (D:5)
  A hound skeleton (D:4)
  4 gnolls (D:4)
  9 adders
  A shadow imp (D:7)
  An adder skeleton (D:4)
  2 worms
  2 dart slugs
  18 orcs
  7 endoplasms
  7 giant cockroaches
  8 hobgoblins
  4 jackals (D:5)
  4 quokkas
  8 ball pythons
  2 bats (D:1)
  4 frilled lizards
  7 gnoll skeletons (Ossuary)
  7 goblins
  4 kobolds
  5 kobold skeletons (Ossuary)
  13 orc skeletons (Ossuary)
  9 rats
205 creatures vanquished.

Vanquished Creatures (collateral kills)
  A bullfrog (Bailey)
  An orc (Bailey)
2 creatures vanquished.

Vanquished Creatures (others)
  5 plants (D:9)
5 creatures vanquished.

Grand Total: 212 creatures vanquished

Notes
Turn   | Place    | Note
-------+----------+-------------------------------------------
     0 | D:1      | lawman0 the Deep Dwarf Air Elementalist began the quest for
                  | the Orb.
     0 | D:1      | Reached XP level 1. HP: 15/15 MP: 3/3
   210 | D:1      | Reached XP level 2. HP: 5/22 MP: 0/4
   289 | D:1      | Reached skill level 1 in Conjurations
   794 | D:1      | Reached XP level 3. HP: 20/28 MP: 0/4
  1064 | D:1      | Learned a level 3 spell: Swiftness
  2122 | D:3      | Reached XP level 4. HP: 20/37 MP: 1/4
  2366 | D:3      | Found a burning altar of Makhleb.
  2381 | D:3      | Found a hazy altar of Hepliaklqana.
  2413 | D:3      | Became a worshipper of Makhleb the Destroyer
  2512 | D:3      | Reached skill level 1 in Armour
  3260 | D:4      | Noticed a scorpion
  3315 | D:4      | Noticed Menkaure
  3317 | D:4      | Identified a scroll of acquirement
  3317 | D:4      | Acquired 728 gold pieces
  3326 | D:5      | Entered Level 5 of the Dungeon
  3326 | D:5      | Noticed a necrophage
  3339 | D:5      | Gained mutation: Your flesh is heat resistant. (rF+)
                  | [potion of mutation]
  3339 | D:5      | Gained mutation: You have an increased reservoir of magic.
                  | (+10% MP) [potion of mutation]
  3378 | D:5      | Killed a necrophage
  3379 | D:5      | Reached skill level 1 in Fighting
  3379 | D:5      | Reached skill level 1 in Shields
  3379 | D:5      | Reached XP level 5. HP: 21/44 MP: 1/6
  3683 | D:5      | Reached XP level 6. HP: 45/51 MP: 0/7
  4012 | D:6      | Noticed a sky beast
  4209 | D:6      | Noticed a troll
  4287 | D:6      | Found Imemp's Assorted Antiques.
  4295 | D:6      | Bought a bubbling golden potion for 28 gold pieces
  4295 | D:6      | Bought a scroll labelled JUMIC FOJUGHYE for 32 gold pieces
  4295 | D:6      | Bought a sharpened copper wand for 128 gold pieces
  4295 | D:6      | Bought a murky green potion for 28 gold pieces
  4314 | D:6      | Noticed an orc warrior
  4382 | D:6      | Noticed an ice beast
  4412 | D:6      | Reached * piety under Makhleb
  4415 | D:6      | Reached XP level 7. HP: 47/57 MP: 1/9
  5115 | D:5      | Reached skill level 1 in Axes
  5115 | D:5      | Reached XP level 8. HP: 54/66 MP: 0/8
  5217 | D:5      | Found a stormy altar of Qazlal.
  5217 | D:5      | Found an iron altar of Okawaru.
  5217 | D:5      | Found an ornate altar of the Wu Jian Council.
  5222 | D:5      | Found a shadowy altar of Dithmenos.
  5229 | D:5      | Found an ancient bone altar of Kikubaaqudgha.
  5232 | D:5      | Found a basalt altar of Yredelemnul.
  5235 | D:5      | Found a glowing silver altar of Zin.
  5236 | D:5      | Found a shimmering altar of Xom.
  5724 | D:5      | Reached skill level 1 in Evocations
  5932 | D:4      | Killed Menkaure
  5933 | D:4      | Reached skill level 1 in Long Blades
  6299 | D:4      | Found a transporter.
  6312 | D:4      | Noticed browni3141's ghost (amateur MiBe)
  6341 | D:4      | Found a transporter.
  6359 | D:4      | Reached skill level 5 in Conjurations
  7489 | D:6      | Acquired a staff of conjuration
  7567 | D:7      | Found a snail-covered altar of Cheibriados.
  7637 | D:7      | Found a sand-covered staircase.
  7657 | Ossuary  | Entered an ossuary
  7677 | Ossuary  | Reached ** piety under Makhleb
  8339 | D:7      | Gained mutation: You passively map the area around you.
                  | [Deep Dwarf growth]
  8339 | D:7      | Reached XP level 9. HP: 73/73 MP: 0/7
  8552 | D:7      | Learned a level 4 spell: Sticky Flame
  9083 | D:7      | Found an opulent altar of Gozag.
  9186 | D:7      | Learned a level 1 spell: Animate Skeleton
  9190 | D:7      | Learned a level 3 spell: Vampiric Draining
  9384 | D:7      | Found a staircase to the Ecumenical Temple.
  9545 | D:8      | Found Adasoist's Weapon Shop.
  9559 | D:8      | Bought 6 poisoned darts for 33 gold pieces
  9637 | D:8      | Noticed an unseen horror
  9662 | D:8      | Killed an unseen horror
  9663 | D:8      | Reached skill level 1 in Necromancy
  9705 | D:8      | Found a flagged portal.
  9714 | Bailey   | Entered a bailey
  9766 | Bailey   | Reached skill level 1 in Fire Magic
  9858 | Bailey   | Reached skill level 1 in Invocations
  9870 | Bailey   | Reached skill level 5 in Long Blades
  9870 | Bailey   | Reached skill level 1 in Throwing
  9985 | Bailey   | Reached *** piety under Makhleb
 10182 | Bailey   | Noticed a vault guard
 10182 | Bailey   | Noticed Prince Ribbit
 10243 | Bailey   | Killed Prince Ribbit
 10244 | Bailey   | Reached XP level 10. HP: 66/81 MP: 1/8
 10364 | Bailey   | HP: 2/81 [vault guard (18)]
 10416 | Bailey   | Killed a vault guard
 10417 | Bailey   | Reached skill level 5 in Spellcasting
 10519 | Bailey   | Identified the +7 dagger "Leviticus" {venom, rF+++ Will++
                  | Str-3 Dex-2}
 10521 | Bailey   | oh my god
 10541 | Bailey   | Noticed a vault guard
 10963 | D:8      | Identified the ring of Eprakluq {rN+ Str+6 Int+2 Dex+2}
 10979 | D:8      | oh
 11330 | D:8      | Found a shimmering blue altar of Sif Muna.
 12090 | D:9      | Found a sacrificial altar of Ru.
 12580 | D:9      | Noticed a two-headed ogre
 13147 | D:9      | Found a runed translucent gate.
 13147 | D:9      | Found a runed translucent gate.
 13147 | D:9      | Found a runed translucent gate.
 13536 | D:9      | Noticed mitch45678's ghost (journeyman MiGl)
 13607 | D:10     | Entered Level 10 of the Dungeon
 13652 | D:10     | Noticed a manticore
 13652 | D:10     | a yak changed into a manticore
 13655 | D:10     | Noticed Snorg
 13655 | D:10     | Noticed a deep elf pyromancer
 13659 | D:10     | HP: 4/82 [Snorg (16)]
 13672 | D:9      | Slain by a komodo dragon

Illustrated notes ##### ##...## #$@..?# #.....# #.....# #..∩..# ###.....### ##≈##...##≈## ##≈≈≈##'##≈≈≈## #≈≈≈.......≈≈≈# ##≈≈≈....≈.....## Turn 10521 on Bailey: oh my god

#.....#.#.##,,****************
#.....#.....>.#*
#..............*
#.)...##......#*
#.....#**###..# ###.### *#.#
#.# #.# #.#########.#
#..........@# #############


Turn 10979 on D:8: oh

Levels and vault maps discovered:
D:1:      mainiacjoe_arrival_reflecting_pool, layout_loops_ring, serial_glass,
          glass_columns_a, glass_columns_a, glass_columns_a, glass_columns_a,
          minmay_misc_feat_nine_boxes, st_stairs_14
D:2:      layout_loops_cross
D:3:      layout_basic, mainiacjoe_overflow_catwalk_spiral
D:4:      layout_rooms, gammafunk_ghost_mausoleum, uniq_menkaure
D:5:      layout_cave_pods, nicolae_overflow_hallway_of_the_gods
D:6:      layout_basic, serial_shops, shop, minmay_fractal_squares_5
D:7:      layout_basic, kennysheep_slug_shrine,
          nicolae_gozag_cash_rules_everything_around_me,
          minmay_temple_entry_from_below_a, nicolae_ossuary_entry_ruins
D:8:      layout_loops_ring, led_sif_pool, serial_shops,
          nicolae_shop_hallway_stairs, enter_bailey_8
D:9:      layout_loops_corners, mainiacjoe_overflow_boulevard,
          gammafunk_ghost_spectres, grunt_ministairs_6,
          kennysheep_generic_room_6
D:10:     layout_roguey, amcnicky_altar_gilded, david_lair_generic,
          chequers_jeans, uniq_snorg, uniq_maurice

Skill      XL: |  1  2  3  4  5  6  7  8  9 10 |
---------------+-------------------------------+-----
Conjurations   | 1 2 3 4 5 6 7 |  7.3
Stealth        | 3 |  3.7
Spellcasting   | 2 3 4 5 |  5.2
Armour         | 2 3 |  3.8
Fighting       | 1 2 |  2.9
Shields        | 1 2 3 4 |  4.0
Air Magic      | 3 4 |  4.2
Dodging        | 3 4 |  4.6
Axes           | 1 |  1.0
Evocations     | 2 |  2.1
Long Blades    | 3 6 7 |  7.3
Necromancy     | 2 3 |  3.6
Fire Magic     | 2 3 |  3.7
Invocations    | 1 |  1.5
Throwing       | 1 |  1.2
Staves         | |  0.4

Action                   |  1- 3 |  4- 6 |  7- 9 | 10-12 || total
-------------------------+-------+-------+-------+-------++-------
Melee: Dagger            |    94 |       |       |       ||    94
       Short sword       |    36 |    77 |       |       ||   113
       War axe           |       |     2 |    29 |       ||    31
       Falchion          |       |       |   122 |     2 ||   124
       Staff             |       |       |    24 |    10 ||    34
       Long sword        |       |       |       |    47 ||    47
Throw: Dart              |     7 |     1 |    22 |     9 ||    39
 Cast: Shock             |    73 |    76 |   294 |    69 ||   512
       Animate Skeleton  |       |       |    10 |     1 ||    11
       Vampiric Draining |       |       |     4 |     6 ||    10
       Sticky Flame      |       |       |       |     2 ||     2
Invok: Minor Destruction |       |       |     5 |     1 ||     6
       Lesser Servant of |       |       |       |     2 ||     2
 Abil: Heal Wounds       |     4 |     9 |    25 |    10 ||    48
Evoke: Wand              |       |       |    15 |     2 ||    17
  Use: Scroll            |     1 |     7 |     9 |    11 ||    28
       Potion            |       |     2 |     7 |     1 ||    10
 Stab: Sleeping          |     3 |       |       |       ||     3
Armor: Leather armour    |    21 |    25 |    88 |    29 ||   163
       Skin              |       |       |    35 |       ||    35
       Robe              |       |       |       |     5 ||     5
Dodge: Dodged            |    70 |    63 |   214 |    72 ||   419
Block: Buckler           |     3 |    23 |   106 |    28 ||   160
